[Event "Team 45 45 League T97"]
[Site "Internet Chess Club"]
[Date "2023.09.05"]
[Round "4"]
[White "stantheman59"]
[Black "Toalla"]
[Result "0-1"]
[WhiteElo "1108"]
[BlackElo "1115"]
[Opening "Sicilian: Alapin's variation (2.c3)"]
[ECO "B22"]
[Time "15:03:23"]
[PlyCount "70"]
[TimeControl "2700+45"]

1. e4 c5 2. c3 e6 3. d4 d5 4. exd5 exd5 5. Nf3 c4 6. Be2 Nf6 7. O-O Be7 8. b3 b5
9. bxc4 bxc4 10. Re1 O-O 11. Ba3 Re8 12. Bc5 Nc6 13. Bxe7 Rxe7 14. Na3 a6 15.
Rb1 Bf5 16. Rb2 Rb8 17. Qa1 Ne4 18. Nh4 Be6 19. Reb1 Nxc3 20. Rxb8 Nxe2+ 21. Kf1
Nxb8 22. Qb2 Nc6 23. Qxe2 Nxd4 24. Qe5 Nc6 25. Qb2 d4 26. Rd1 d3 27. Nb1 h6 28.
h3 Nd4 29. Nd2 Bd5 30. Qxd4 Bxg2+ 31. Nxg2 Qxd4 32. Rc1 c3 33. Nb3 Qc4 34. Ne3
Rxe3 35. fxe3 d2+ {White resigns} 0-1

[Event "Team 45 45 League T97"]
[Site "Internet Chess Club"]
[Date "2023.09.04"]
[Round "4"]
[White "ChessG2011"]
[Black "jjmolina1"]
[Result "0-1"]
[WhiteElo "1434"]
[BlackElo "1484"]
[Opening "Giuoco Piano"]
[ECO "C50"]
[Time "13:01:00"]
[PlyCount "74"]
[TimeControl "2700+45"]

1. e4 e5 2. Nf3 Nc6 3. Bc4 Bc5 4. O-O d6 5. h3 h6 6. d3 Nf6 7. Nc3 O-O 8. Be3
Bb6 9. Bxb6 axb6 10. Bb3 Na5 11. Qd2 c5 12. Bd5 Nc6 13. a3 Ne7 14. Bc4 Bd7 15.
Bb5 Nc6 16. Bc4 Ne7 17. Nb5 Bc6 18. a4 Qd7 19. Rfb1 Rfc8 20. Ra3 Ra5 21. Rba1
Rca8 22. c3 Bxb5 23. Bxb5 Qc7 24. Qc2 Nc6 25. Qc1 Ne8 26. Nd2 Na7 27. Bxe8 Rxe8
28. b4 cxb4 29. cxb4 Qxc1+ 30. Rxc1 Ra6 31. Rc7 Rb8 32. Rd7 b5 33. a5 Rc6 34.
Kf1 Rc1+ 35. Ke2 Nc6 36. Rb3 Nd4+ 37. Ke3 Re1# {White checkmated} 0-1

[Event "Team 45 45 League T97"]
[Site "Internet Chess Club"]
[Date "2023.09.03"]
[Round "4"]
[White "tightfist"]
[Black "seattleblues"]
[Result "1/2-1/2"]
[WhiteElo "1427"]
[BlackElo "1356"]
[Opening "Réti opening"]
[ECO "A11"]
[Time "21:01:22"]
[PlyCount "78"]
[TimeControl "2700+45"]

1. Nf3 c6 2. c4 d5 3. e3 Nf6 4. Nc3 Bg4 5. b3 e5 6. h3 e4 7. hxg4 exf3 8. gxf3
Bb4 9. Qc2 dxc4 10. bxc4 g6 11. a3 Bf8 12. d4 Bg7 13. Bb2 Nbd7 14. Bd3 c5 15.
Ne4 Nxe4 16. Bxe4 Rb8 17. O-O-O Nf6 18. dxc5 Qc7 19. Qa4+ Kf8 20. Qxa7 Nxe4 21.
fxe4 Bxb2+ 22. Kxb2 Qe5+ 23. Rd4 Rd8 24. Rd1 Kg7 25. f4 Qf6 26. e5 Qe7 27. Rxd8
Rxd8 28. Rd6 Rc8 29. c6 Rc7 30. Rd7 Rxd7 31. cxd7 Qxd7 32. Qd4 Qxg4 33. Qd2 Qe6
34. Qd6 Qxc4 35. Qf6+ Kh6 36. Qg5+ Kg7 37. Qf6+ Kh6 38. Qg5+ Kg7 39. Qf6+ Kh6
{Game drawn by repetition} 1/2-1/2

[Event "Team 45 45 League T97"]
[Site "Internet Chess Club"]
[Date "2023.09.03"]
[Round "4"]
[White "Tjet"]
[Black "Andressa"]
[Result "1/2-1/2"]
[WhiteElo "1292"]
[BlackElo "1285"]
[Opening "Queen's pawn game, Darooha variation "]
[ECO "D02"]
[Time "22:02:10"]
[PlyCount "77"]
[TimeControl "2700+45"]

1. Nf3 d5 2. d4 Nf6 3. g3 Nc6 4. c3 e6 5. Bg2 Be7 6. O-O O-O 7. b4 b6 8. a3 Bb7
9. Bg5 h6 10. Bxf6 Bxf6 11. Nbd2 e5 12. dxe5 Nxe5 13. Nxe5 Bxe5 14. Qc2 Rb8 15.
e3 c5 16. Rfd1 Qf6 17. Rac1 d4 18. Bxb7 Rxb7 19. Ne4 Qd8 20. cxd4 cxd4 21. exd4
Rc7 22. Qd3 Rxc1 23. Rxc1 Qxd4 24. Qxd4 Bxd4 25. Rc7 a5 26. bxa5 bxa5 27. a4 Rb8
28. h4 Rb1+ 29. Kg2 Rb4 30. Rc8+ Kh7 31. Nd6 Rb2 32. Ne4 f5 33. Nd6 Rxf2+ 34.
Kh3 Rf1 35. Rf8 Rh1+ 36. Kg2 Rg1+ 37. Kh2 Rd1 38. Rxf5 Rd2+ 39. Kh3 {Game drawn
by mutual agreement} 1/2-1/2

[Event "Team 45 45 League T97"]
[Site "Internet Chess Club"]
[Date "2023.09.04"]
[Round "4"]
[White "kabubi"]
[Black "ticktockman"]
[Result "1-0"]
[WhiteElo "1169"]
[BlackElo "1033"]
[Opening "Owen defense"]
[ECO "B00"]
[Time "19:00:27"]
[PlyCount "65"]
[TimeControl "2700+45"]

1. e4 b6 2. d3 Bb7 3. Nd2 d5 4. g3 dxe4 5. Bg2 Nf6 6. dxe4 g6 7. Qe2 Bg7 8. f4
O-O 9. e5 Bxg2 10. Qxg2 Nd5 11. c4 Ne3 12. Qxa8 Nc2+ 13. Kd1 Nxa1 14. b3 Qd3 15.
Qe4 Rd8 16. Qxd3 Rxd3 17. Bb2 Nxb3 18. axb3 Na6 19. Ke2 Nb4 20. Ba3 Re3+ 21.
Kxe3 Nc2+ 22. Kf2 Nxa3 23. Ngf3 e6 24. Ne4 Nc2 25. Rd1 a5 26. Rd8+ Bf8 27. Nf6+
Kg7 28. Ng5 Bc5+ 29. Kf1 Ne3+ 30. Ke2 Kh6 31. Rh8 Kg7 32. Rxh7+ Kf8 33. Rxf7#
{Black checkmated} 1-0

[Event "Team 45 45 League T97"]
[Site "Internet Chess Club"]
[Date "2023.09.02"]
[Round "4"]
[White "Kingofknights"]
[Black "clarinetref"]
[Result "1/2-1/2"]
[WhiteElo "1570"]
[BlackElo "1520"]
[Opening "Nimzo-Indian: 4.e3"]
[ECO "E40"]
[Time "20:16:24"]
[PlyCount "76"]
[TimeControl "2700+45"]

1. d4 e6 2. c4 Nf6 3. Nc3 Bb4 4. e3 Qe7 5. Bd3 b6 6. Ne2 Bb7 7. O-O Bxc3 8. Nxc3
d6 9. e4 e5 10. d5 Nbd7 11. Bg5 h6 12. Bxf6 Nxf6 13. Qa4+ Qd7 14. Qxd7+ Kxd7 15.
Rac1 a6 16. f3 c5 17. dxc6+ Bxc6 18. Nd5 Bxd5 19. cxd5 b5 20. Rc6 Rhc8 21. Rfc1
Nh5 22. g3 Nf6 23. Rxc8 Rxc8 24. Rxc8 Kxc8 25. a4 Nd7 26. axb5 a5 27. b3 Nc5 28.
Bc4 Kb7 29. Kf2 Kb6 30. Ke3 g5 31. g4 Nd7 32. Kd3 Nf6 33. Kc3 Ne8 34. Be2 Nc7
35. Bd3 Nxb5+ 36. Bxb5 Kxb5 37. Kd3 Kb4 38. Kc2 a4 {Game drawn by mutual
agreement} 1/2-1/2

[Event "Team 45 45 League T97"]
[Site "Internet Chess Club"]
[Date "2023.09.02"]
[Round "4"]
[White "herrahuu"]
[Black "Constrictor"]
[Result "0-1"]
[WhiteElo "1404"]
[BlackElo "1424"]
[Opening "Caro-Kann: classical, Spassky variation"]
[ECO "B19"]
[Time "11:00:45"]
[PlyCount "90"]
[TimeControl "2700+45"]

1. e4 c6 2. d4 d5 3. Nc3 dxe4 4. Nxe4 Bf5 5. Ng3 Bg6 6. h4 h6 7. Nf3 Nd7 8. h5
Bh7 9. Bd3 Bxd3 10. Qxd3 Qc7 11. Bd2 Ngf6 12. O-O-O e6 13. Kb1 O-O-O 14. c4 c5
15. dxc5 Bxc5 16. Be3 Ng4 17. Bxc5 Nxc5 18. Qe2 Qf4 19. b4 Na4 20. Rxd8+ Rxd8
21. Qc2 Nb6 22. c5 Qxb4+ 23. Ka1 Na4 24. Rc1 Rd5 25. c6 Rc5 26. cxb7+ Kb8 27.
Qb1 Rxc1 28. Qxc1 Qc3+ 29. Qxc3 Nxc3 30. Kb2 Nd5 31. Ne4 Kxb7 32. Nd6+ Kc6 33.
Nxf7 Nxf2 34. Nd4+ Kd7 35. Ne5+ Kd6 36. Nf7+ Ke7 37. Ne5 Kf6 38. Ndf3 Nf4 39. g4
N2d3+ 40. Nxd3 Nxd3+ 41. Kc3 Ne5 42. Nh2 Kg5 43. Kb4 Nxg4 44. Nxg4 Kxg4 45. Kb5
e5 {White resigns} 0-1

[Event "Team 45 45 League T97"]
[Site "Internet Chess Club"]
[Date "2023.09.03"]
[Round "4"]
[White "olivermx"]
[Black "SeniorCitizen"]
[Result "1-0"]
[WhiteElo "1295"]
[BlackElo "1171"]
[Opening "Queen's pawn, Mason variation"]
[ECO "D00"]
[Time "13:01:18"]
[PlyCount "91"]
[TimeControl "2700+45"]

1. d4 d5 2. Bf4 Nf6 3. e3 e6 4. Nf3 Be7 5. Bd3 Nbd7 6. Nbd2 c5 7. c3 cxd4 8.
exd4 b6 9. h3 a6 10. Ne5 Bb7 11. Qf3 b5 12. O-O Ra7 13. a3 Qa8 14. Rfe1 Nxe5 15.
Bxe5 Qd8 16. g4 Bd6 17. Qg3 Bxe5 18. Qxe5 O-O 19. Qg3 Qa8 20. f3 Bc6 21. g5 Ne8
22. h4 g6 23. Kf2 Ng7 24. Nf1 Qb8 25. Qxb8 Rxb8 26. Ng3 Rf8 27. Rh1 f5 28. f4
Nh5 29. Nxh5 gxh5 30. Be2 Be8 31. Rae1 Re7 32. Bf3 Bf7 33. Bxd5 Rfe8 34. Bc6 Rc8
35. Bf3 Kf8 36. Re3 Rd8 37. Rhe1 Rde8 38. d5 exd5 39. Rxe7 Rxe7 40. Rxe7 Kxe7
41. Ke3 Kd6 42. Kd4 a5 43. Be2 Be8 44. b3 a4 45. bxa4 bxa4 46. Bd3 {Black
resigns} 1-0

[Event "Team 45 45 League T97"]
[Site "Internet Chess Club"]
[Date "2023.09.03"]
[Round "4"]
[White "thundercat1"]
[Black "Balderdash"]
[Result "0-1"]
[WhiteElo "970"]
[BlackElo "1178"]
[Opening "Queen's pawn game"]
[ECO "D00"]
[Time "08:00:26"]
[PlyCount "82"]
[TimeControl "2700+45"]

1. d4 d5 2. e3 g6 3. h3 Nc6 4. Nf3 Bg7 5. c3 Nf6 6. Bd3 Ne4 7. Nbd2 Nxd2 8. Bxd2
e5 9. Qa4 e4 10. Bb5 exf3 11. gxf3 Bd7 12. Bd3 Ne5 13. Qd1 Nxd3+ 14. Ke2 Nxb2
15. Qc2 Nc4 16. Bc1 Bf5 17. Qa4+ c6 18. e4 Qe7 19. Kd1 b5 20. Qc2 dxe4 21. Re1
e3 22. Qe2 O-O 23. fxe3 Rfe8 24. e4 Bxh3 25. a4 Qh4 26. axb5 cxb5 27. Rb1 a6 28.
e5 Rad8 29. f4 Bg4 30. Qxg4 Qxg4+ 31. Kc2 Qg2+ 32. Kb3 Qd5 33. Kc2 Qg2+ 34. Kb3
Na5+ 35. Kb4 Nc6+ 36. Kb3 Qd5+ 37. Kc2 Qf3 38. Rd1 Rxd4 39. cxd4 Qe2+ 40. Bd2
Nxd4+ 41. Kc3 Qc4+ {White resigns} 0-1

[Event "Team 45 45 League T97"]
[Site "Internet Chess Club"]
[Date "2023.09.03"]
[Round "4"]
[White "chesskix"]
[Black "manfredo"]
[Result "0-1"]
[WhiteElo "1426"]
[BlackElo "1553"]
[Opening "English opening"]
[ECO "A16"]
[Time "18:00:44"]
[PlyCount "108"]
[TimeControl "2700+45"]

1. c4 Nf6 2. Nc3 g6 3. g3 Bg7 4. Bg2 O-O 5. e4 d6 6. d3 e5 7. Nge2 Be6 8. O-O c6
9. h3 Qd7 10. Kh2 Na6 11. Be3 Nc7 12. a4 d5 13. cxd5 cxd5 14. exd5 Ncxd5 15. Ne4
Nxe4 16. dxe4 Nxe3 17. Qxd7 Bxd7 18. fxe3 Bh6 19. Ra3 Be6 20. Rc1 Rac8 21. Rac3
Rxc3 22. Rxc3 Rc8 23. Rxc8+ Bxc8 24. Nc3 Bxe3 25. Nd5 Bg5 26. h4 Bd8 27. b4 Be6
28. b5 f5 29. Bh3 Kf7 30. Nc3 Ba5 31. Nd5 fxe4 32. Bxe6+ Kxe6 33. Ne3 Bd2 34.
Nc2 e3 35. Kg2 Kf5 36. Kf3 e4+ 37. Ke2 Kg4 38. Nxe3+ Bxe3 39. Kxe3 Kxg3 40. Kxe4
Kxh4 41. Kd5 g5 42. Kd6 g4 43. Kc7 g3 44. Kxb7 g2 45. Kxa7 g1=Q+ 46. b6 Qa1 47.
b7 Qxa4+ 48. Kb8 Qa6 49. Kc7 Qxb7+ 50. Kxb7 h5 51. Kc6 Kg4 52. Kd5 h4 53. Ke4 h3
54. Ke3 h2 {White resigns} 0-1

[Event "Team 45 45 League T97"]
[Site "Internet Chess Club"]
[Date "2023.09.02"]
[Round "4"]
[White "PsyMar"]
[Black "Denis240964"]
[Result "1-0"]
[WhiteElo "1324"]
[BlackElo "1346"]
[Opening "Polish (Sokolsky) opening"]
[ECO "A00"]
[Time "15:08:50"]
[PlyCount "81"]
[TimeControl "2700+45"]

1. b4 e5 2. Bb2 d6 3. e3 Nf6 4. c4 Be6 5. Nf3 Be7 6. d4 e4 7. Ng5 Bg4 8. f3 exf3
9. Nxf3 O-O 10. Bd3 d5 11. Nbd2 Bxb4 12. Qb3 Bxd2+ 13. Nxd2 b6 14. O-O Re8 15.
cxd5 Rxe3 16. Bxh7+ Kxh7 17. Qxe3 Qxd5 18. Rac1 Qxa2 19. Rc2 c6 20. Rxf6 gxf6
21. Qe4+ f5 22. Qe7 Qe6 23. Qh4+ Kg6 24. Nf3 Qe3+ 25. Kh1 Qh6 26. Ne5+ Kg7 27.
Qg3 f6 28. Nxg4 fxg4 29. Qxg4+ Qg6 30. Qd1 a5 31. Rc3 Ra7 32. Rg3 Qxg3 33. hxg3
Kf8 34. Qg4 Nd7 35. Qe6 Kg7 36. Qxc6 a4 37. d5 a3 38. Ba1 a2 39. g4 Ne5 40. Qxb6
Ra3 41. g5 {Black resigns} 1-0

[Event "Team 45 45 League T97"]
[Site "Internet Chess Club"]
[Date "2023.09.03"]
[Round "4"]
[White "Visin"]
[Black "Conjurer"]
[Result "1-0"]
[WhiteElo "1330"]
[BlackElo "1064"]
[Opening "Robatsch (modern) defense"]
[ECO "B06"]
[Time "12:00:17"]
[PlyCount "63"]
[TimeControl "2700+45"]

1. e4 g6 2. d4 Bg7 3. Nf3 e6 4. Nc3 Ne7 5. Be3 O-O 6. e5 d6 7. Qd2 dxe5 8. Rd1
Nbc6 9. Ne2 Nd5 10. c3 b6 11. Ng3 Nxe3 12. fxe3 Bb7 13. Bb5 a6 14. Bxc6 Bxc6 15.
Nxe5 Bb5 16. c4 Bxe5 17. cxb5 Bxg3+ 18. hxg3 Qd5 19. bxa6 Rxa6 20. b3 Qa5 21.
Qxa5 Rxa5 22. Rd2 Rf5 23. Ke2 Re8 24. b4 e5 25. Rc1 Re7 26. d5 e4 27. d6 cxd6
28. Rxd6 b5 29. Rc5 Re6 30. Rxe6 Rxc5 31. bxc5 fxe6 32. c6 {Black resigns} 1-0

[Event "Team 45 45 League T97"]
[Site "Internet Chess Club"]
[Date "2023.09.03"]
[Round "4"]
[White "Dwilkes"]
[Black "tamky70"]
[Result "0-1"]
[WhiteElo "1084"]
[BlackElo "1334"]
[Opening "Alekhine's defense"]
[ECO "B07"]
[Time "19:30:23"]
[PlyCount "134"]
[TimeControl "2700+45"]

1. e4 Nf6 2. Nc3 d6 3. d4 Nbd7 4. Nf3 g6 5. Bc4 Bg7 6. Bd2 O-O 7. O-O e5 8. dxe5
Nxe5 9. Nxe5 dxe5 10. Bg5 c6 11. Qxd8 Rxd8 12. Rad1 Be6 13. Bxe6 fxe6 14. f4 h6
15. fxe5 Rxd1 16. Nxd1 hxg5 17. exf6 Bf8 18. f7+ Kg7 19. e5 Bc5+ 20. Kh1 Rf8 21.
Nc3 Rxf7 22. Rxf7+ Kxf7 23. Ne4 Be7 24. h3 Ke8 25. g4 Kd7 26. Kg2 c5 27. b3 Kc6
28. c4 b5 29. cxb5+ Kxb5 30. Kf2 Kc6 31. Ke2 Kd5 32. Kd3 Kxe5 33. Nc3 a6 34. a4
Bd6 35. Ne4 Be7 36. Nf2 Kf4 37. Ke2 Bd6 38. Nd3+ Kg3 39. Nf2 Be7 40. Kf1 a5 41.
Ke2 e5 42. Kf1 Kf3 43. Nd1 e4 44. Nc3 Kg3 45. Nd5 Bd8 46. Ne3 Bf6 47. Nd5 Bd4
48. Ne7 Kxh3 49. Nxg6 Kxg4 50. Ke2 Kf5 51. Ne7+ Ke5 52. Ng6+ Kd5 53. Ne7+ Ke6
54. Nc6 g4 55. Nxa5 g3 56. Kf1 Kf5 57. Nc4 Kf4 58. Kg2 e3 59. Nxe3 Bxe3 60. a5
Kg4 61. a6 c4 62. bxc4 Bc5 63. a7 Bxa7 64. c5 Bxc5 65. Kh1 Bb4 66. Kg2 Bd2 67.
Kh1 Kh3 {White resigns} 0-1